[Event "Titled Tuesday Blitz May 23 Late 2023"]
[White "Yeritsyan, Hayk"]
[Black "Romero Ruscalleda, Josep"]
[WhiteFideId "13307320"]
[BlackFideId "2231859"]
[WhiteElo "2447"]
[BlackElo "2183"]
[Result "1-0"]
[Round "04"]
[TimeControl "180+2"]
[Date "2023.05.23"]
[WhiteClock "0:02:36"]
[BlackClock "0:01:26"]

1. d4 g6 2. Nf3 Bg7 3. Bf4 d6 4. h3 Nf6 5. e3 O-O 6. c3 Nbd7 7. Be2 Re8 8. O-O c6 9. Bh2 Qb6 10. Nbd2 Qxb2 11. Nc4 Qxc3 12. Rc1 Qb4 13. Rb1 Qc3 14. Rb3 Ne4 15. Rxc3 Nxc3 16. Qc2 Nxe2+ 17. Qxe2 Nb6 18. Rb1 Be6 19. Na5 Rab8 20. Bg3 Rec8 21. Rc1 Nd7 22. e4 Nf6 23. e5 dxe5 24. Bxe5 Ra8 25. Nxb7 Bh6 26. Re1 Nd5 27. Nc5 Nc3 28. Qd3 Nxa2 29. Nxe6 fxe6 30. Qb3 1-0


[Site "https://www.chess.com"]

[Event "Titled Tuesday Blitz May 23 Late 2023"]
[White "Kaplan, Avi Harrison"]
[Black "KVAIDAN"]
[WhiteFideId "30934559"]
[WhiteElo "1983"]
[BlackElo "2292"]
[Result "1-0"]
[Round "04"]
[TimeControl "180+2"]
[Date "2023.05.23"]
[WhiteClock "0:02:42"]
[BlackClock "0:02:46"]

1. d4 e6 2. c3 f5 3. Nh3 Nf6 4. g3 Be7 5. Nf4 O-O 6. h4 d6 7. Bg2 c6 8. h5 e5 9. dxe5 dxe5 10. Qb3+ Kh8 11. Ng6+ 1-0


[Site "https://www.chess.com"]

[Event "Titled Tuesday Blitz May 23 Late 2023"]
[White "Magallanes, Rey Jomar"]
[Black "D`Arruda, Ricardo D."]
[WhiteFideId "5205948"]
[BlackFideId "100692"]
[WhiteElo "2287"]
[BlackElo "2439"]
[Result "0-1"]
[Round "04"]
[TimeControl "180+2"]
[Date "2023.05.23"]
[WhiteClock "0:01:49"]
[BlackClock "0:01:42"]

1. e4 c5 2. Nf3 Nc6 3. d4 cxd4 4. Nxd4 e5 5. Nb5 a6 6. Nd6+ Bxd6 7. Qxd6 Qe7 8. Qd1 Nf6 9. Nc3 d6 10. Bg5 Be6 11. Nd5 Bxd5 12. exd5 Nb8 13. c4 h6 14. Be3 Nbd7 15. Bd3 O-O 16. O-O b6 17. b4 a5 18. a3 Ra7 19. Rc1 Rfa8 20. c5 bxc5 21. bxc5 Nxc5 22. Bxc5 dxc5 23. d6 Qe6 24. Rxc5 Rd7 25. Bc4 Qxd6 26. Qxd6 Rxd6 27. Rxe5 Rc6 28. Bb3 Rc3 29. Rb5 a4 30. Bd5 Nxd5 31. Rxd5 Rxa3 32. f4 Ra2 33. Re1 Rb8 34. Rd7 Rbb2 35. Ree7 Rxg2+ 36. Kh1 Rxh2+ 37. Kg1 Rag2+ 38. Kf1 Rd2 39. Rxd2 Rxd2 40. Ra7 Rd4 41. f5 Rf4+ 42. Ke2 Rxf5 43. Rxa4 h5 44. Rh4 Kh7 45. Rh3 Kh6 46. Ke3 g5 47. Ke4 Rf4+ 48. Ke5 h4 49. Rh2 Kh5 50. Rh1 Rf3 51. Rh2 h3 52. Ra2 Kh4 53. Rb2 g4 54. Rc2 Kg3 55. Rd2 h2 56. Re2 h1=Q 57. Ra2 Qe1+ 58. Kd6 Qe6+ 59. Kc7 Qxa2 60. Kb8 Re3 61. Kc7 Re6 62. Kb8 Qb3+ 63. Kc7 Qb6+ 64. Kc8 Rc6+ 65. Kd7 Rc7+ 66. Kd8 Qb8# 0-1


[Site "https://www.chess.com"]

[Event "Titled Tuesday Blitz May 23 Late 2023"]
[White "Mackster23"]
[Black "Simonovic, Miroslav"]
[BlackFideId "919152"]
[WhiteElo "2437"]
[BlackElo "2042"]
[Result "1-0"]
[Round "04"]
[TimeControl "180+2"]
[Date "2023.05.23"]
[WhiteClock "0:00:10"]
[BlackClock "0:00:11"]

1. e4 c5 2. Nf3 Nc6 3. d4 cxd4 4. Nxd4 g6 5. c4 Bg7 6. Be3 d6 7. Nc3 Nf6 8. Be2 O-O 9. O-O Bd7 10. Qd2 Ng4 11. Bxg4 Bxg4 12. f3 Nxd4 13. Bxd4 Be6 14. Bxg7 Kxg7 15. Rac1 Qb6+ 16. Rf2 Rac8 17. b3 Rc7 18. f4 f6 19. f5 Bf7 20. Nd5 Bxd5 21. exd5 gxf5 22. Qd3 f4 23. Re1 Qc5 24. Kf1 Qa3 25. Rxf4 Qxa2 26. Rh4 Rh8 27. Rg4+ Kf8 28. Qe3 h5 29. Re4 Rh7 30. Re6 Rg7 31. Rxf6+ Kg8 32. Rf2 Qa3 33. Qe6+ Kh7 34. Qf5+ Kg8 35. Rf3 Qb2 36. Qh3 b5 37. g3 bxc4 38. Qe6+ Kh7 39. Qf5+ Kg8 40. Qxh5 cxb3 41. Qe8+ Kh7 42. Qh5+ Kg8 43. Qe8+ Kh7 44. Rf5 Qxh2 45. Rh5+ Qxh5 46. Qxh5+ Kg8 47. Qe8+ Kh7 48. Re2 Rc1+ 49. Kg2 Rc2 50. Qh5+ Kg8 51. Qe8+ Kh7 52. Qh5+ Kg8 53. Qf3 Kh7 54. Qd3+ Kg8 55. Rxc2 bxc2 56. Qxc2 Rg6 57. Qxg6+ Kf8 58. Qe6 Ke8 59. Qc8+ Kf7 60. Qa8 Kf6 61. Qxa7 Ke5 62. Qxe7+ Kxd5 63. g4 Kc5 64. g5 Kc6 65. g6 d5 66. Qe6+ Kc5 67. Qe5 Kc4 68. g7 d4 69. g8=Q+ Kc3 70. Qgd5 Kc2 71. Qexd4 Kb1 72. Qb4+ Kc2 73. Qdd2# 1-0


[Site "https://www.chess.com"]

[Event "Titled Tuesday Blitz May 23 Late 2023"]
[White "Wizard_of_Odds"]
[Black "Martinez, Ayelen"]
[BlackFideId "118702"]
[WhiteElo "2437"]
[BlackElo "2125"]
[Result "1-0"]
[Round "04"]
[TimeControl "180+2"]
[Date "2023.05.23"]
[WhiteClock "0:00:07"]
[BlackClock "0:00:01"]

1. d4 Nf6 2. c4 g6 3. Nc3 Bg7 4. e4 Bf8 5. e5 Ng8 6. f4 d6 7. Nf3 h5 8. Be3 Nh6 9. Bd3 Ng4 10. Bg1 dxe5 11. fxe5 Bh6 12. Qe2 c5 13. d5 Bg7 14. h3 Nh6 15. Bxc5 Na6 16. Bd4 Nf5 17. Bxf5 Bxf5 18. a3 Rc8 19. b3 Nc5 20. Bxc5 Rxc5 21. O-O Rc8 22. Nd4 Qb6 23. Qf2 Bxe5 24. Rad1 Bxd4 25. Qxd4 Bc2 26. d6 Qxd4+ 27. Rxd4 exd6 28. b4 O-O 29. Nb5 d5 30. c5 Rce8 31. Nd6 Re2 32. Rf2 Re1+ 33. Rf1 Re2 34. Rxd5 Rd8 35. Rf2 Re1+ 36. Rf1 Re2 37. Rf2 Re1+ 38. Kh2 Be4 39. Rd4 Bc6 40. Rdf4 Rd7 41. Rxf7 Rxf7 42. Nxf7 Kg7 43. Ng5 Ra1 44. Rb2 Rb1 45. Rxb1 a5 46. b5 1-0


[Site "https://www.chess.com"]

[Event "Titled Tuesday Blitz May 23 Late 2023"]
[White "lluiss"]
[Black "QuiesPrecatio"]
[WhiteElo "2267"]
[BlackElo "2435"]
[Result "0-1"]
[Round "04"]
[TimeControl "180+2"]
[Date "2023.05.23"]
[WhiteClock "0:00:33"]
[BlackClock "0:01:09"]

1. Nf3 Nf6 2. d4 g6 3. g3 Bg7 4. Bg2 O-O 5. O-O d5 6. c4 dxc4 7. Na3 Nc6 8. Nxc4 Be6 9. b3 a5 10. Bb2 Bd5 11. a4 Nb4 12. e3 c6 13. Nce5 Qb6 14. Bc3 Rfd8 15. Rb1 Ne4 16. Ba1 Qa6 17. Re1 Rac8 18. Bf1 Qa7 19. Nd3 Na6 20. Nd2 c5 21. dxc5 Naxc5 22. Bxg7 Kxg7 23. Nxe4 Bxe4 24. Qd2 Nxd3 25. Red1 Qb6 26. b4 Nxb4 27. Qb2+ Kg8 28. Rxd8+ Rxd8 29. Bc4 Bxb1 0-1


[Site "https://www.chess.com"]

[Event "Titled Tuesday Blitz May 23 Late 2023"]
[White "Palacio,Igor Da Paz"]
[Black "Pires, Marcos Vinicius Torsani"]
[WhiteFideId "2121140"]
[BlackFideId "2118939"]
[WhiteElo "2126"]
[BlackElo "2273"]
[Result "0-1"]
[Round "04"]
[TimeControl "180+2"]
[Date "2023.05.23"]
[WhiteClock "0:00:01"]
[BlackClock "0:00:10"]

1. e4 c5 2. Nc3 g6 3. g3 Bg7 4. d3 Nc6 5. Bg2 Rb8 6. a3 b5 7. Rb1 d6 8. f4 Nd4 9. Nf3 Bg4 10. h3 Bxf3 11. Bxf3 Nxf3+ 12. Qxf3 Nf6 13. g4 O-O 14. O-O b4 15. axb4 cxb4 16. Nd1 Nd7 17. Be3 a5 18. c3 Qc7 19. c4 Nc5 20. Qe2 Nb3 21. Bf2 Nd4 22. Qe3 a4 23. Ra1 Nc2 24. Qc1 Nxa1 25. Qxa1 a3 26. Qa2 axb2 27. Nxb2 Ra8 28. Qb1 Bc3 29. Nd1 Ra1 30. Qc2 Bg7 31. Ne3 Rxf1+ 32. Kxf1 e6 33. Qb3 Rb8 34. Nc2 Bc3 35. Be3 Qa5 36. Ke2 Ra8 37. d4 Qc7 38. Nxb4 Bxb4 39. Qxb4 Ra2+ 40. Bd2 Kg7 41. Kd3 Qa7 42. Bc3 h6 43. Qxd6 Qa4 44. Qe5+ Kh7 45. c5 Qb5+ 46. Ke3 Qe2# 0-1


[Site "https://www.chess.com"]

[Event "Titled Tuesday Blitz May 23 Late 2023"]
[White "Golubev, Mikhail"]
[Black "Clawitter, Craig"]
[WhiteFideId "14100983"]
[BlackFideId "2023105"]
[WhiteElo "2374"]
[BlackElo "2234"]
[Result "1-0"]
[Round "04"]
[TimeControl "180+2"]
[Date "2023.05.23"]
[WhiteClock "0:00:15"]
[BlackClock "0:00:00"]

1. e4 e6 2. d4 d5 3. Nc3 Bb4 4. e5 c5 5. a3 Bxc3+ 6. bxc3 Ne7 7. a4 Qa5 8. Bd2 Nbc6 9. Nf3 Bd7 10. Bb5 Qc7 11. O-O O-O 12. Re1 f6 13. exf6 Rxf6 14. Bg5 Rf7 15. Bxe7 Rxe7 16. Bxc6 Bxc6 17. Ne5 Rf8 18. dxc5 Be8 19. Qd4 Bg6 20. Re2 Rc8 21. Nxg6 hxg6 22. Qg4 Qxc5 23. Rxe6 Rf7 24. Re3 Rcf8 25. Qe6 d4 26. cxd4 Qxd4 27. Rf1 Qxa4 28. Qxg6 Rxf2 29. Qe6+ R2f7 30. Ref3 Qd4+ 31. Kh1 1-0


[Site "https://www.chess.com"]

[Event "Titled Tuesday Blitz May 23 Late 2023"]
[White "SergioMoralesG"]
[Black "Marin Masis, Jose Esteban"]
[BlackFideId "6508146"]
[WhiteElo "2428"]
[BlackElo "1838"]
[Result "1-0"]
[Round "04"]
[TimeControl "180+2"]
[Date "2023.05.23"]
[WhiteClock "0:00:03"]
[BlackClock "0:00:04"]

1. d4 Nf6 2. c4 e6 3. Nf3 Bb4+ 4. Nbd2 O-O 5. a3 Be7 6. e4 d6 7. Be2 b6 8. e5 dxe5 9. dxe5 Nfd7 10. b3 Bb7 11. Bb2 c5 12. O-O Nc6 13. Re1 Qc7 14. Bf1 Rfd8 15. Qc2 Nf8 16. Ne4 Ng6 17. Neg5 h6 18. Nxe6 Qd7 19. Nxd8 Rxd8 20. e6 Qc7 21. exf7+ Kxf7 22. Qf5+ Bf6 23. Bxf6 gxf6 24. Rad1 Nd4 25. Nxd4 cxd4 26. Rd3 Bc8 27. Qh5 Kg7 28. Rg3 Qf7 29. Bd3 f5 30. Rh3 Rh8 31. b4 Qf6 32. Rg3 Bd7 33. Qe2 Re8 34. Qd2 Rf8 35. c5 bxc5 36. bxc5 Kh7 37. Qb4 Bc6 38. Qc4 Nf4 39. h3 Bd5 40. Qb5 Nxg2 41. Qd7+ Rf7 42. Qxd5 Nxe1 43. c6 Nxd3 44. Rxd3 Rg7+ 45. Kf1 Qg5 46. Rg3 Qc1+ 47. Kg2 Rxg3+ 48. Kxg3 Qg1+ 49. Kf4 Qxf2+ 50. Ke5 Qe3+ 51. Kd6 Qf4+ 52. Kd7 Qd2 53. c7 Qc3 54. c8=Q Qxh3 55. Qcg8# 1-0


[Site "https://www.chess.com"]

[Event "Titled Tuesday Blitz May 23 Late 2023"]
[White "Sariego Figueredo, Wilfredo"]
[Black "Rodriguez, Santiago"]
[WhiteFideId "3500080"]
[BlackFideId "3000591"]
[WhiteElo "2309"]
[BlackElo "2249"]
[Result "0-1"]
[Round "04"]
[TimeControl "180+2"]
[Date "2023.05.23"]
[WhiteClock "0:00:23"]
[BlackClock "0:00:24"]

1. d4 Nf6 2. Bf4 d6 3. Nc3 g6 4. e4 Bg7 5. Qd2 c6 6. Bh6 Bxh6 7. Qxh6 Qa5 8. Bd3 b5 9. Nf3 b4 10. Ne2 Bg4 11. Ng5 Bxe2 12. Kxe2 Nbd7 13. Qg7 O-O-O 14. Nxf7 Qh5+ 15. f3 Rhg8 16. Qh6 Rdf8 17. Qxh5 gxh5 18. Nh6 Rxg2+ 19. Ke3 e5 20. Nf5 exd4+ 21. Nxd4 Ne5 22. Rhg1 Nfg4+ 23. fxg4 Nxg4# 0-1


[Site "https://www.chess.com"]

[Event "Titled Tuesday Blitz May 23 Late 2023"]
[White "Brown, Raehanna"]
[Black "Vega Gutierrez, Sabrina"]
[WhiteFideId "7402740"]
[BlackFideId "2219026"]
[WhiteElo "1655"]
[BlackElo "2209"]
[Result "0-1"]
[Round "04"]
[TimeControl "180+2"]
[Date "2023.05.23"]
[WhiteClock "0:00:57"]
[BlackClock "0:00:41"]

1. c4 e5 2. Nc3 d6 3. g3 f5 4. Bg2 Nf6 5. d3 Be7 6. e3 c6 7. Nge2 O-O 8. O-O Be6 9. Qd2 Na6 10. f4 Qd7 11. a3 Nc7 12. b4 Rae8 13. Bb2 Bf7 14. Rad1 exf4 15. exf4 d5 16. Nb1 dxc4 17. dxc4 Qxd2 18. Nxd2 Ng4 19. Rf3 Bxb4 20. Nc3 Bc5+ 21. Kf1 Nxh2# 0-1


[Site "https://www.chess.com"]

[Event "Titled Tuesday Blitz May 23 Late 2023"]
[White "Bouget, Alexandre"]
[Black "kiwibobo"]
[WhiteFideId "681318"]
[WhiteElo "2189"]
[BlackElo "2179"]
[Result "1/2-1/2"]
[Round "04"]
[TimeControl "180+2"]
[Date "2023.05.23"]
[WhiteClock "0:00:05"]
[BlackClock "0:00:06"]

1. Nc3 Nf6 2. e4 e5 3. f4 d5 4. fxe5 Nxe4 5. Nf3 Be7 6. d3 Nxc3 7. bxc3 O-O 8. d4 c5 9. Bd3 cxd4 10. cxd4 Bg4 11. O-O Nc6 12. Rb1 Rc8 13. c3 b6 14. h3 Be6 15. Ba6 Rc7 16. Bf4 Na5 17. Qd3 Bc8 18. Bb5 Nc4 19. e6 Bxe6 20. Bxc7 Qxc7 21. Rfe1 Nd6 22. a4 Bf5 23. Qe3 Bxb1 24. Qxe7 Qxe7 25. Rxe7 Ne4 26. c4 dxc4 27. Bxc4 Nd6 28. Ba6 Bc2 29. Rxa7 Bxa4 30. Ne5 b5 31. Nd7 Rd8 32. Nc5 h6 33. Kf2 Bc2 34. Ke3 b4 35. Kd2 b3 36. Kc3 Rb8 37. Kb2 Ne4 38. Bc4 Nd2 39. Bxf7+ Kh8 40. Nxb3 Bxb3 41. Bxb3 Nxb3 42. Kc3 Nc1 43. d5 Rd8 44. Kd4 Ne2+ 45. Ke5 Nc3 46. d6 Re8+ 47. Kf5 Nb5 48. d7 Rf8+ 49. Ke6 Nxa7 50. Ke7 Nc6+ 51. Kxf8 Nd8 52. Ke7 Nc6+ 53. Kd6 Nd8 54. Ke7 Nc6+ 55. Ke8 Kh7 56. d8=Q Nxd8 57. Kxd8 Kg6 58. Ke7 Kg5 59. Kf7 g6 60. g3 h5 61. Kg7 h4 62. gxh4+ Kxh4 63. Kxg6 Kxh3 1/2-1/2


[Site "https://www.chess.com"]

[Event "Titled Tuesday Blitz May 23 Late 2023"]
[White "Dudzinski, Pawel"]
[Black "Kev4444444444"]
[WhiteFideId "1117890"]
[WhiteElo "2099"]
[BlackElo "2170"]
[Result "1-0"]
[Round "04"]
[TimeControl "180+2"]
[Date "2023.05.23"]
[WhiteClock "0:00:17"]
[BlackClock "0:00:13"]

1. e4 c5 2. Nc3 Nc6 3. g3 g6 4. Bg2 Bg7 5. d3 e6 6. Be3 d6 7. Qd2 a6 8. f4 Nge7 9. Nf3 O-O 10. d4 cxd4 11. Nxd4 d5 12. exd5 exd5 13. O-O Nxd4 14. Bxd4 Be6 15. Bxg7 Kxg7 16. Rad1 Qd7 17. Nxd5 Nxd5 18. Bxd5 Rfd8 19. Qc3+ Kg8 20. Bf3 Qb5 21. b3 Rdc8 22. Qd2 Qc5+ 23. Rf2 Rab8 24. c4 a5 25. Qd4 Qc7 26. Qd6 Qxd6 27. Rxd6 b5 28. cxb5 Rxb5 29. Rfd2 Kg7 30. Kf2 Rc1 31. Bc6 Rbc5 32. Be4 Bh3 33. Rd1 R1c3 34. R6d3 Rc2+ 35. R1d2 Rc1 36. Rd1 R5c2+ 37. R3d2 Rxd1 38. Rxc2 Rf1+ 39. Ke3 Re1+ 40. Re2 Ra1 41. Bd5 Rc1 42. Bc4 Rd1 43. Rd2 Re1+ 44. Kd4 Re7 45. Kc5 a4 46. bxa4 Ra7 47. Bb5 Be6 48. Kb6 Ra8 49. Bc6 Rb8+ 50. Bb7 Bf5 51. a5 Re8 52. a6 Re6+ 53. Bc6 Be4 54. Rc2 Bxc2 55. a7 Be4 56. a8=Q Rxc6+ 57. Qxc6 Bxc6 58. Kxc6 Kf6 59. a4 g5 60. a5 gxf4 61. gxf4 Kf5 62. a6 Kxf4 63. a7 f5 64. a8=Q Kg4 65. Qg8+ Kf3 66. Qxh7 f4 67. Qf5 Ke3 68. h4 f3 69. h5 f2 70. h6 Ke2 71. h7 f1=Q 72. Qxf1+ Kxf1 73. h8=Q Ke2 74. Qc3 Kf2 75. Kd5 Ke2 76. Ke4 Kf2 77. Qf3+ Ke1 78. Qg2 Kd1 79. Kd3 Kc1 80. Qc2# 1-0


[Site "https://www.chess.com"]

[Event "Titled Tuesday Blitz May 23 Late 2023"]
[White "Fernandez Siles, Luis"]
[Black "ritanovikova"]
[WhiteFideId "2209420"]
[WhiteElo "2195"]
[BlackElo "2163"]
[Result "0-1"]
[Round "04"]
[TimeControl "180+2"]
[Date "2023.05.23"]
[WhiteClock "0:00:20"]
[BlackClock "0:00:21"]

1. d4 e5 2. dxe5 Nc6 3. Nf3 Qe7 4. g3 Nxe5 5. Bg2 d6 6. O-O Nf6 7. b3 g6 8. Bb2 Bg7 9. c4 O-O 10. Nc3 a6 11. Qd2 Nxf3+ 12. exf3 Bd7 13. Rfe1 Qd8 14. f4 Bc6 15. Nd5 Nxd5 16. Bxg7 Kxg7 17. cxd5 Bd7 18. Rac1 Rc8 19. Re3 Re8 20. Rec3 Re7 21. Qd4+ f6 22. Qa7 Qe8 23. Re3 b6 24. Rce1 Rxe3 25. Rxe3 Qf7 26. Qxa6 Re8 27. Qc4 Rxe3 28. fxe3 Qe7 29. Kf2 Bf5 30. e4 Bc8 31. a4 Kh6 32. b4 f5 33. a5 bxa5 34. bxa5 c5 35. dxc6 Qa7+ 36. Kf3 Qxa5 37. Bf1 Qa3+ 38. Qd3 fxe4+ 39. Kxe4 Bf5+ 40. Ke3 Bxd3 41. Bxd3 Qc3 42. g4 Qc5+ 43. Kf3 Kg7 0-1


[Site "https://www.chess.com"]

[Event "Titled Tuesday Blitz May 23 Late 2023"]
[White "Djordjevic, Dejan N"]
[Black "Arencibia Monduy, Antonio"]
[WhiteFideId "913316"]
[BlackFideId "3507939"]
[WhiteElo "2261"]
[BlackElo "2417"]
[Result "1-0"]
[Round "04"]
[TimeControl "180+2"]
[Date "2023.05.23"]
[WhiteClock "0:01:11"]
[BlackClock "0:00:00"]

1. e4 c5 2. Nc3 e6 3. g3 d5 4. exd5 exd5 5. d4 Nf6 6. Nge2 Nc6 7. Bg2 cxd4 8. Nxd4 Be7 9. O-O O-O 10. h3 h6 11. a3 Nxd4 12. Qxd4 Be6 13. Be3 b6 14. Qd3 Rc8 15. Bd4 Qd7 16. g4 Qc7 17. Rad1 Rfd8 18. Rfe1 Ne4 19. Bxe4 dxe4 20. Qxe4 Bf8 21. Re2 Bc4 22. Red2 Re8 23. Qf3 Ba6 24. Be3 Bb7 25. Nd5 Qc6 26. b3 1-0


[Site "https://www.chess.com"]

[Event "Titled Tuesday Blitz May 23 Late 2023"]
[White "Mikhalsky, Vladimir"]
[Black "coquitovich"]
[WhiteFideId "14144352"]
[WhiteElo "2236"]
[BlackElo "2143"]
[Result "0-1"]
[Round "04"]
[TimeControl "180+2"]
[Date "2023.05.23"]
[WhiteClock "0:00:00"]
[BlackClock "0:00:38"]

1. d4 c5 2. d5 e6 3. e4 g6 4. Bd2 Bg7 5. Bc3 Nf6 6. f4 O-O 7. Bxf6 Qxf6 8. Nc3 Qxf4 9. Qf3 Qg5 10. h4 Qe5 11. h5 Re8 12. O-O-O d6 13. hxg6 hxg6 14. Bc4 Na6 15. Qh3 Nb4 16. Qh7+ Kf8 17. Nf3 Qf4+ 18. Kb1 exd5 19. Nxd5 Nxd5 20. Bxd5 Be6 21. Rhf1 Qf6 22. c3 Bxd5 23. exd5 Re2 24. Nh4 Rf2 25. Rxf2 Qxf2 26. Nxg6+ fxg6 27. Qxg6 Qf6 28. Qd3 Kg8 29. Rf1 Qe5 30. Rh1 Re8 31. Qh7+ Kf8 32. Rf1+ Ke7 33. Qh3 Kd8 34. a4 Qxd5 35. Qh4+ Kc7 36. Qh7 Re7 0-1


[Site "https://www.chess.com"]

[Event "Titled Tuesday Blitz May 23 Late 2023"]
[White "Matute Escobar, Roxanny"]
[Black "Mazurkiewicz, Michal"]
[WhiteFideId "3926028"]
[BlackFideId "1124943"]
[WhiteElo "1844"]
[BlackElo "2054"]
[Result "1/2-1/2"]
[Round "04"]
[TimeControl "180+2"]
[Date "2023.05.23"]
[WhiteClock "0:00:10"]
[BlackClock "0:00:09"]

1. e4 d6 2. d4 Nf6 3. Nc3 c6 4. f3 e5 5. Be3 Be7 6. Qd2 O-O 7. O-O-O b5 8. Kb1 Qc7 9. g4 a5 10. g5 Nfd7 11. h4 Nb6 12. dxe5 dxe5 13. Qf2 N8d7 14. h5 b4 15. Nce2 Nc4 16. Bc1 Bc5 17. Qg3 Ne3 18. Bxe3 Bxe3 19. g6 Nf6 20. h6 fxg6 21. hxg7 Rf7 22. f4 exf4 23. Qg5 Be6 24. Qh4 h5 25. Nf3 Nxe4 26. Ned4 Bd5 27. Bg2 Nf2 28. Qg5 Rxg7 29. Bh3 Nxh1 30. Be6+ Kh7 31. Bxd5 cxd5 32. Rxh1 Qd6 33. Ne5 Bxd4 34. Nxg6 Qxg6 35. Rxh5+ Kg8 36. Qxd5+ Rf7 37. Qxa8+ Rf8 38. Qd5+ Rf7 39. Rg5 Qxg5 40. Qxg5+ Bg7 41. Qxa5 f3 42. Qb5 f2 43. Qf1 Bd4 44. a3 Rg7 45. Ka2 Rg1 46. Qc4+ Kh7 47. Qd3+ Kh6 48. Qd2+ Kh5 49. Qe2+ Kh4 50. Qe4+ Kh3 51. Qf3+ Kh2 52. Qh5+ Kg2 53. Qg4+ Kf1 54. Qxd4 Ke2 55. Qc4+ Kd2 56. Qd3+ Ke1 57. Qe3+ Kf1 58. axb4 Kg2 59. Qg5+ Kf3 60. Qf5+ Kg2 61. Qe4+ Kg3 62. Qg6+ Kf3 63. Qh5+ Ke3 64. Qc5+ Kf3 65. Qc3+ Ke2 66. Qc4+ Ke3 67. Qd3+ Kf4 68. Qd2+ Kf3 69. Qd3+ Kg2 70. Qe4+ Kg3 71. Qg6+ Kf3 72. Qd3+ Kg2 73. Qg6+ Kf3 1/2-1/2


[Site "https://www.chess.com"]

[Event "Titled Tuesday Blitz May 23 Late 2023"]
[White "Levitan, Ronit"]
[Black "Kirillov, Dmitry"]
[WhiteFideId "2815109"]
[BlackFideId "34180572"]
[WhiteElo "1930"]
[BlackElo "2161"]
[Result "0-1"]
[Round "04"]
[TimeControl "180+2"]
[Date "2023.05.23"]
[WhiteClock "0:01:07"]
[BlackClock "0:01:30"]

1. d4 d5 2. Nf3 e6 3. Bf4 Bd6 4. e3 Nf6 5. Bd3 O-O 6. Nbd2 c5 7. c3 b6 8. O-O Bb7 9. Bxd6 Qxd6 10. Re1 Ne4 11. Bxe4 dxe4 12. Ne5 Nd7 13. Nxd7 Qxd7 14. dxc5 bxc5 15. Nb3 Qc7 16. Qh5 f5 17. Rad1 Rad8 18. Qe2 Qb6 19. Qc4 Rc8 20. Rd7 Bd5 21. Qa4 Rc7 22. h3 Bc6 23. Rxc7 Bxa4 24. Re7 Re8 25. Rxe8+ Bxe8 26. Rd1 Ba4 0-1


[Site "https://www.chess.com"]

[Event "Titled Tuesday Blitz May 23 Late 2023"]
[White "Zaitsev, Alexander"]
[Black "Lonoff, Marc"]
[WhiteFideId "4164490"]
[BlackFideId "2001349"]
[WhiteElo "2373"]
[BlackElo "2124"]
[Result "1-0"]
[Round "04"]
[TimeControl "180+2"]
[Date "2023.05.23"]
[WhiteClock "0:00:13"]
[BlackClock "0:00:07"]

1. e4 e6 2. d4 d5 3. Nc3 Bb4 4. e5 Ne7 5. Bd2 b6 6. Nce2 Bxd2+ 7. Qxd2 Ba6 8. f4 Nbc6 9. Nf3 Nf5 10. O-O-O Qe7 11. Kb1 h5 12. Ng3 Bxf1 13. Nxf5 exf5 14. Rhxf1 Na5 15. b3 O-O-O 16. Qd3 g6 17. Qa6+ Kb8 18. Ng5 f6 19. exf6 Qxf6 20. Rfe1 Rhe8 21. Re5 Rxe5 22. dxe5 Qc6 23. e6 Re8 24. Qd3 Nb7 25. Qxd5 Qxd5 26. Rxd5 Nd6 27. c4 Kc8 28. Kc2 Kd8 29. Kc3 Ke7 30. b4 c6 31. Rd2 Ne4+ 32. Nxe4 fxe4 33. Re2 Kxe6 34. Rxe4+ Kf7 35. Rxe8 Kxe8 36. Kd4 Ke7 37. Ke5 a6 38. a4 a5 39. bxa5 bxa5 40. c5 1-0


[Site "https://www.chess.com"]

[Event "Titled Tuesday Blitz May 23 Late 2023"]
[White "Szyszylo, Rafal"]
[Black "Torres Dominguez, David"]
[WhiteFideId "1109626"]
[BlackFideId "2220857"]
[WhiteElo "1951"]
[BlackElo "1999"]
[Result "0-1"]
[Round "04"]
[TimeControl "180+2"]
[Date "2023.05.23"]
[WhiteClock "0:00:00"]
[BlackClock "0:00:29"]

1. e4 e5 2. Bc4 Nc6 3. Nc3 Nf6 4. d3 Bb4 5. Ne2 d5 6. exd5 Nxd5 7. O-O Be6 8. f4 Nxf4 9. Bxf4 Bxc4 10. dxc4 Qxd1 11. Raxd1 exf4 12. Nd5 Bc5+ 13. Kh1 O-O-O 14. Nexf4 Ne5 15. b3 Ng4 16. Nd3 Bd6 17. h3 Nh6 18. c5 Bg3 19. c4 c6 20. N5f4 f6 21. Ne6 Rd7 22. Ndf4 Bxf4 23. Nxf4 Rhd8 24. Rxd7 Rxd7 25. Re1 Nf5 26. Re8+ Rd8 27. Ne6 Rxe8 0-1


[Site "https://www.chess.com"]

[Event "Titled Tuesday Blitz May 23 Late 2023"]
[White "ArchibaldCerveza29"]
[Black "Sailer, Mike"]
[BlackFideId "2012901"]
[WhiteElo "2403"]
[BlackElo "2109"]
[Result "0-1"]
[Round "04"]
[TimeControl "180+2"]
[Date "2023.05.23"]
[WhiteClock "0:00:08"]
[BlackClock "0:00:10"]

1. d4 d5 2. c4 Bf5 3. Nc3 e6 4. cxd5 exd5 5. Qb3 Nc6 6. e4 Bxe4 7. Nxe4 dxe4 8. Bc4 Bb4+ 9. Kf1 Qf6 10. d5 Bc5 11. Nh3 O-O-O 12. dxc6 Qxc6 13. Bg5 Nf6 14. Nf4 Rd2 15. Ne2 e3 16. Bxf7 Rhd8 17. Qe6+ Qxe6 18. Bxe6+ Kb8 19. fxe3 Rxb2 20. Kf2 Rdd2 21. Rhe1 Ne4+ 22. Kf3 Nxg5+ 23. Kg4 Nxe6 24. Rac1 Rxe2 25. Rf1 Rxg2+ 26. Kh3 Rxh2+ 27. Kg3 Rbg2+ 28. Kf3 Ng5+ 29. Kf4 Nh3+ 30. Ke5 Rg5+ 31. Ke6 b6 32. a4 a5 33. Kd7 Kb7 34. Rf7 Rd5+ 35. Ke6 Ng5+ 36. Kxd5 Nxf7 37. Rf1 Nd6 38. Rf8 Ra2 39. Rh8 Rxa4 40. e4 Rxe4 41. Rxh7 c6# 0-1


[Site "https://www.chess.com"]

[Event "Titled Tuesday Blitz May 23 Late 2023"]
[White "Stead, Kerry"]
[Black "Gatterer, Florian"]
[WhiteFideId "3202577"]
[BlackFideId "811688"]
[WhiteElo "1997"]
[BlackElo "2221"]
[Result "0-1"]
[Round "04"]
[TimeControl "180+2"]
[Date "2023.05.23"]
[WhiteClock "0:01:45"]
[BlackClock "0:00:48"]

1. d4 c6 2. e4 d5 3. f3 e6 4. Nc3 Bb4 5. Be3 Ne7 6. Bd3 b6 7. a3 Bd6 8. e5 Bc7 9. f4 g6 10. Nf3 Ba6 11. O-O Bxd3 12. Qxd3 O-O 13. Ne2 Nd7 14. c3 c5 15. g4 f5 16. exf6 Nxf6 17. h3 Ne4 18. Kg2 c4 19. Qc2 b5 20. Ne5 Qe8 21. Ng3 Nxg3 22. Kxg3 Nc6 23. Kg2 Bxe5 24. fxe5 Qe7 25. Kg3 Rxf1 26. Rxf1 Rf8 27. Qe2 Rxf1 28. Qxf1 Qf7 29. Qf6 Qxf6 30. exf6 Kf7 31. g5 e5 32. dxe5 Nxe5 33. Bc5 a6 34. Kf2 Nd3+ 35. Ke3 Nxc5 36. Kd4 Na4 37. Kxd5 Nxb2 38. Kc6 Na4 39. Kb7 a5 40. Ka6 b4 41. axb4 axb4 42. Kb5 bxc3 43. Kxa4 c2 44. Kb5 c1=Q 0-1


[Site "https://www.chess.com"]

[Event "Titled Tuesday Blitz May 23 Late 2023"]
[White "a-z30"]
[Black "Ottosen, David"]
[BlackFideId "2603080"]
[WhiteElo "2402"]
[BlackElo "2031"]
[Result "1-0"]
[Round "04"]
[TimeControl "180+2"]
[Date "2023.05.23"]
[WhiteClock "0:00:54"]
[BlackClock "0:00:18"]

1. d3 d5 2. Nf3 c5 3. g3 Nc6 4. Bg2 e5 5. O-O Nf6 6. c4 d4 7. e3 Be6 8. exd4 exd4 9. Ng5 Bd7 10. Re1+ Be7 11. Qe2 h6 12. Ne4 O-O 13. Nxf6+ Bxf6 14. Nd2 g6 15. Ne4 Be7 16. Bxh6 Re8 17. Qd2 Bf5 18. h4 Bxe4 19. Rxe4 Bf6 20. Rae1 Rxe4 21. Rxe4 Kh7 22. Bf4 Qd7 23. Qe2 a6 24. a3 Rc8 25. Bf3 b5 26. b3 bxc4 27. bxc4 Ne7 28. Kg2 Nf5 29. Bg4 Bg7 30. h5 Qa4 31. hxg6+ Kxg6 32. Bh5+ Kh7 33. Qg4 Qd7 34. Be5 Rg8 35. Qh3 Bh6 36. Bg4 Rxg4 37. Qxg4 1-0


[Site "https://www.chess.com"]

[Event "Titled Tuesday Blitz May 23 Late 2023"]
[White "Prado, Alexandra"]
[Black "Qiao, Cindy"]
[WhiteFideId "3301346"]
[BlackFideId "2620243"]
[WhiteElo "1759"]
[BlackElo "1777"]
[Result "0-1"]
[Round "04"]
[TimeControl "180+2"]
[Date "2023.05.23"]
[WhiteClock "0:00:17"]
[BlackClock "0:01:55"]

1. e4 e5 2. Nf3 Nc6 3. Bc4 Bc5 4. O-O Nf6 5. d4 Bxd4 6. Nxd4 Nxd4 7. Bg5 h6 8. Bh4 O-O 9. f4 d6 10. fxe5 dxe5 11. Bxf6 gxf6 12. Qh5 Kg7 13. c3 Ne6 14. Na3 Nf4 15. Qh4 Be6 16. Rad1 Qe7 17. Qg3+ Kh7 18. Qf3 Rg8 19. g3 Bg4 20. Qf2 Nh3+ 21. Kg2 Nxf2 22. Rxf2 Bxd1 0-1


[Site "https://www.chess.com"]